 Dungeon Crawl Stone Soup version 0.16-a0-3215-g5dfac0e (webtiles) character file.

11 PolkaDot the Caller (level 2, 0/21 HPs)
             Began as a Vampire Summoner on Dec 20, 2014.
             Slain by an adder (1 damage)
             ... on level 2 of the Dungeon.
             The game lasted 00:02:14 (969 turns).

PolkaDot the Caller (Vampire Summoner)               Turns: 969, Time: 00:02:14

Health: 0/21       AC:  3    Str: 12    XL:     2   Next: 17%
Magic:  4/4        EV: 12    Int: 17    God:
Gold:   13         SH:  0    Dex: 14    Spells: 2 memorised, 2 levels left

rFire  . . .     SeeInvis +     k - +1 spear (venom)
rCold  . . .     Clarity  .     a - +0 robe
rNeg   . . .     SustAb   .     (no shield)
rPois  .         Gourm    .     c - +1 hat
rElec  .         Spirit   .     (no cloak)
rCorr  .         Warding  .     (no gloves)
rMut   .         Stasis   .     (no boots)
MR     .....                    (no amulet)
Stlth  ++........               (no ring)
                                (no ring)

@: mighty, lethally poisoned, regenerating quickly, not resistant to hostile
enchantments, unstealthy
A: bottle blood, fangs 3, see invisible, unbreathing
a: no special abilities


You were on level 2 of the Dungeon.
You were very full.

You visited 1 branch of the dungeon, and saw 2 of its levels.

You collected 13 gold pieces.

Inventory:

Hand weapons
 k - a +1 spear of venom (weapon)
Armour
 a - a +0 robe (worn)
 c - a +1 hat (worn)
Scrolls
 d - a scroll of random uselessness {unknown}
 f - a scroll of recharging {unknown}
 j - a scroll of magic mapping {unknown}
Potions
 g - a potion of magic {unknown}
 h - a potion of resistance {unknown}
 l - a potion of lignification {unknown}
Books
 b - a book of Callings

   Spells                             Type                      Level
   a - Summon Small Mammal            Summoning                    1
   b - Call Imp                       Summoning                    2
   c - Call Canine Familiar           Summoning                    3
   d - Summon Guardian Golem          Hexes/Summoning              4
   e - Summon Lightning Spire         Summoning/Air                4
   f - Summon Ice Beast               Ice/Summoning                4


   Skills:
 - Level 1.4 Fighting
 * Level 0.0 Polearms
 - Level 2.1 Dodging
 - Level 3.0 Stealth
 - Level 2.0 Spellcasting
 + Level 4.1 Summonings


You had 2 spell levels left.
You knew the following spells:

 Your Spells              Type           Power        Failure   Level  Hunger
s - Call Imp              Summ           ###.....     6%          2    ###....
z - Summon Small Mammal   Summ           ###.         3%          1    #......


Dungeon Overview and Level Annotations

Branches:
Dungeon (2/15)

Altars:


Innate Abilities, Weirdness & Mutations

Your natural rate of healing is unusually fast.
You can bottle blood from corpses.
You have razor-sharp teeth.
You have supernaturally acute eyesight.
You can survive without breathing.


Message History

You barely miss the adder. The adder bites you.
* * * LOW HITPOINT WARNING * * *
You miss the adder.
You feel sick. The adder barely misses you.
You closely miss the adder. The adder closely misses you.
The adder closely misses you.
You closely miss the adder.
You feel sick. The adder misses you.
You closely miss the adder. The adder bites you.
* * * LOW HITPOINT WARNING * * *
The adder misses you.
Drink which item? (? for menu, Esc to quit)
It was a potion of might.
You feel very mighty all of a sudden.
You feel sick. The adder bites you but does no damage.
You hit the adder.
The adder is poisoned.
The adder is lightly wounded.
The adder bites you.
* * * LOW HITPOINT WARNING * * *
You are more poisoned.
The adder poisons you! The adder bites you.
You die...

. #.#. #.# #... #.# #.#. .
#.# #.#. .# # ##.## #.#.##
.# .## #...# #.#..###.# ..##
##...# #.##.#.#.#
...####....######....%...###
...+.......ggggS@....<.[...+
...####....######.......####
..######....# #.#####.#
..gg..g.g...# #.# #.#
+#+#'#'#+#..# #.# #.# #$
#..# #.# #.# #+ ## #..#
#.#####.# #. #..# #.......#
#. #..# #####.### ##.


You could see 3 gnolls, an adder and a hobgoblin.

Vanquished Creatures
  A goblin (D:1)
  A hobgoblin (D:1)
  A ball python (D:1)
  3 bats (D:1)
  A giant cockroach (D:1)
  A rat (D:1)
8 creatures vanquished.

Vanquished Creatures (collateral kills)
  A giant gecko (D:1)
  A giant cockroach (D:1)
  A goblin (D:1)
  2 rats (D:1)
5 creatures vanquished.

Grand Total: 13 creatures vanquished

Notes
Turn   | Place    | Note
--------------------------------------------------------------
     0 | D:1      | PolkaDot, the Vampire Summoner, began the quest for the Orb.
     0 | D:1      | Reached XP level 1. HP: 13/13 MP: 3/3
   337 | D:1      | Reached skill level 1 in Fighting
   525 | D:1      | Reached XP level 2. HP: 21/21 MP: 1/4
   554 | D:1      | Learned a level 2 spell: Call Imp
   969 | D:2      | HP: 1/21 [adder (3)]
   969 | D:2      | Slain by an adder

Action                   || total
-------------------------++-------
Melee: Unarmed           ||    56
       Spear             ||    11
 Cast: Summon Small Mamm ||     8
  Use: Potion            ||     4
 Stab: Sleeping          ||     2
  Eat: Corpse            ||     7
